 Dungeon Crawl Stone Soup version 0.30.1 (webtiles) character file.

Game seed: 8196778088504497743

20824 cdecastro the Bludgeoner (level 12, -14/153 HPs)
             Began as a Troll Fighter on July 10, 2023.
             Was the Champion of Jiyva.
             Demolished by Rupert
             ... wielding a +1 heavy great sword
              (39 damage)
             ... on level 13 of the Dungeon.
             The game lasted 00:31:16 (10822 turns).

cdecastro the Bludgeoner (Troll Fighter)           Turns: 10822, Time: 00:31:17

Health: -14/153    AC:  4    Str: 27    XL:     12   Next: 48%
Magic:  11/11      EV: 10    Int:  4    God:    Jiyva [******]
Gold:   315        SH:  0    Dex: 13    Spells: 11/11 levels left

rFire   + + .        b - +4 giant spiked club
rCold   + . .        (shield currently unavailable)
rNeg    . . .        d - +0 troll leather armour
rPois   .            (helmet unavailable)
rElec   .            (no cloak)
rCorr   +            (gloves unavailable)
SInv    +            (boots unavailable)
Will    +++..        N - amulet of faith
Stlth   +            k - ring of protection from cold
HPRegen 3.65/turn    O - ring of protection from fire
MPRegen 0.62/turn

%: faith
@: invisible
A: large, unfitting armour, claws 3, regeneration 1, shaggy fur 1, tough skin 1,
antennae 3, fire resistance 1, strong-willed 3, robust 2, acidic bite,
pseudopods 2, tendrils
a: Renounce Religion, Oozemancy, Slimify


You were on level 13 of the Dungeon.
You worshipped Jiyva.
Jiyva was exalted by your worship.
You visited 2 branches of the dungeon, and saw 14 of its levels.
You also visited: Sewer, Bailey and Ice Cave.

You collected 636 gold pieces.
You spent 321 gold pieces at shops.

Inventory:

Hand Weapons
 a - a +0 giant club
 b - a +4 giant spiked club (weapon)
 L - a +0 giant spiked club
 P - a +3 heavy great mace
Missiles
 n - 3 javelins
 r - 20 poisoned darts (quivered)
 s - a throwing net
 y - 7 large rocks
 G - 7 curare-tipped darts
Armour
 c - a +0 kite shield
 d - a +0 troll leather armour (worn)
 z - +0 steam dragon scales
Jewellery
 k - a ring of protection from cold (left claw)
 B - a ring of fire
 N - an amulet of faith (around neck)
 O - a ring of protection from fire (right claw)
Wands
 i - a wand of polymorph (9)
 I - a wand of paralysis (8)
Scrolls
 h - 7 scrolls of teleportation
 j - 2 scrolls of vulnerability {unknown}
 m - 5 scrolls of fear {unknown}
 o - 2 scrolls of poison {unknown}
 p - 4 scrolls of blinking
 t - 2 scrolls of enchant armour {unknown}
 u - a scroll of brand weapon {unknown}
 D - a scroll of summoning {unknown}
 E - a scroll of fog {unknown}
 K - 2 scrolls of immolation {unknown}
 M - 2 scrolls of magic mapping {unknown}
Potions
 e - 3 potions of curing
 f - 4 potions of magic
 g - a potion of cancellation
 l - a potion of invisibility
 q - 3 potions of brilliance {unknown}
 w - 2 potions of degeneration {unknown}
 x - 3 potions of heal wounds
 A - a potion of might
 C - a potion of lignification {unknown}
 F - a potion of flight {unknown}
 H - a potion of resistance {unknown}
 J - a potion of berserk rage {unknown}
Miscellaneous
 v - a phial of floods
 Q - a lightning rod (4/4)


   Skills:
 + Level 10.6 Fighting
 * Level 15.6 Maces & Flails
 - Level 2.4 Dodging
 - Level 2.6 Shields


You had 11 spell levels left.
You didn't know any spells.
Your spell library contained the following spells:

 Spells                   Type           Power      Damage    Failure   Level
 Beastly Appendage        Tmut           0%         N/A       54%         1
 Magic Dart               Conj           0%         1d3       54%         1
 Call Imp                 Summ           0%         N/A       67%         2
 Searing Ray              Conj           0%         2d4       67%         2
 Wereblood                Tmut           0%         N/A       67%         2
 Dazzling Flash           Conj/Hex       0%         N/A       88%         3
 Frozen Ramparts          Ice            0%         1d1       88%         3
 Mephitic Cloud           Conj/Pois/Air  0%         N/A       88%         3
 Spider Form              Tmut/Pois      0%         N/A       88%         3
 Volatile Blastmotes      Fire/Tloc      0%         2d10      88%         3
 Fulminant Prism          Conj/Hex       0%         3d5       99%         4
 Ice Form                 Ice/Tmut       0%         N/A       99%         4
 Iskenderun's Mystic Bla  Conj/Tloc      0%         2d3       99%         4
 Summon Ice Beast         Ice/Summ       0%         N/A       99%         4
 Starburst                Conj/Fire      0%         6d3       100%        6


Dungeon Overview and Level Annotations

Branches:
Dungeon (13/15)            Temple (1/1) D:7            Lair (0/5) D:8
    Orc (0/2) D:11          Sewer (visited)          Bailey (visited)
  IceCv (visited)
 Vaults: D:13-14

Altars:
Ashenzari
Cheibriados
Dithmenos
Elyvilon
Fedhas
Gozag
Hepliaklqana
Kikubaaqudgha
Makhleb
Nemelex Xobeh
Okawaru
Qazlal
Ru
Sif Muna
Trog
Uskayaw
Vehumet
Wu Jian
Xom
Yredelemnul
Zin
The Shining One
Jiyva

Shops:
D:1 ?   D:9 ::?*

Annotations:
D:7 3 runed translucent doors, Drain's ghost, novice OpCj; salammoniac's ghost, amateur DsEE
D:12 2 transporters, 3 runed translucent doors, bzaaaaa's ghost, novice DEEE
D:13 Rupert


Innate Abilities, Weirdness & Mutations

You are too large for most types of armour.
You have claws for hands.
Your natural rate of healing is unusually fast.
You are covered in fur. (AC +1)
You have tough skin. (AC +1)
You have a pair of large antennae on your head. (SInv)
Your flesh is heat resistant. (rF+)
You are extremely strong-willed. (Will+++)
You are very robust. (+20% HP)
You have acidic saliva.
Armour fits poorly on your large pseudopods.
You are covered in slimy tendrils that may disarm your opponents.


Message History

The vampire mosquito completely misses you.
A troll comes into view.
Unknown command.
You strike the helpless Rupert from behind!
You thump Rupert! Your bludgeon misses Rupert.
Rupert is lightly wounded.
The vampire mosquito closely misses you. x2
Rupert roars madly and goes into a rage!
Rupert goes berserk!
Unknown command.
You bludgeon Rupert!!
Rupert is moderately wounded.
The vampire mosquito bites you.
The vampire mosquito draws strength from your injuries!
Rupert hits you with a +1 heavy great sword!!
The vampire mosquito barely misses you.
Unknown command.
You impale Rupert!! You bludgeon Rupert.
Rupert is moderately wounded.
The vampire mosquito closely misses you.
Rupert hits you with a +1 heavy great sword!!
The vampire mosquito closely misses you.
Unknown command.
You strike the helpless Rupert from behind!
You spit Rupert like a pig!!! You bludgeon Rupert!
Rupert is heavily wounded.
The vampire mosquito closely misses you.
Rupert hits you with a +1 heavy great sword!!!
* * * LOW HITPOINT WARNING * * *
You shudder from the blow and a jelly pops out!
The vampire mosquito closely misses you.
The troll bites you!
* * * LOW HITPOINT WARNING * * *
The troll claws you.
* * * LOW HITPOINT WARNING * * *
The troll barely misses you.
You closely miss Rupert. You bludgeon Rupert, but do no damage.
Rupert is heavily wounded.
Rupert hits you with a +1 heavy great sword!!!
You die...

.....^.......#.#
..##.....[...#.#.##+##.#
...#.........#.#^.....)#
...#.........#.#.....>/.
...#....##...#.#........
####....####.#.#......
##......# #.#.#y...##..
.......#####.#.T@.J.../.
.......###...#..@# ##
..####...†...#...#..+
..# #####...#......#.
### #......<.......
#.............#
#.............+
#####.....#...#
#.....##### #.....#


You could see Rupert (berserk, unable to see you, ally target), a troll (unable
to see you), a vampire mosquito (unable to see you) and a friendly quicksilver
ooze (summoned).

Vanquished Creatures
  Josephine (D:11)
  A vault guard (Bailey)
  Erolcha (D:11)
  A boulder beetle (D:11)
  4 two-headed ogres
  Erica (D:8)
  2 ugly things (IceCv)
  2 cyclopes
  2 manticores
  3 ice statues (IceCv)
  An unseen horror (D:7)
  9 trolls
  A blink frog (Bailey)
  6 wraiths
  A dire elephant simulacrum (IceCv)
  A basilisk (D:12)
  6 yaks (D:9)
  4 humans (Bailey)
  2 steam dragons
  A vampire mosquito (D:13)
  A warg (D:11)
  Menkaure (D:5)
  A harpy simulacrum (IceCv)
  2 acid dragons (D:10)
  A water moccasin (D:7)
  5 orc warriors
  2 black bears
  3 ice beasts
  2 centaurs
  An ogre (D:11)
  A phantom (D:5)
  5 kobold brigands
  10 bullfrogs
  2 gnoll sergeants
  3 cane toad simulacra (IceCv)
  A two-headed ogre simulacrum (D:12)
  5 wights
  3 elephant simulacra
  5 killer bees (D:10)
  6 howler monkeys
  2 bullfrog zombies (D:4)
  A human zombie (D:4)
  4 orc priests
  A hound (D:6)
  A gnoll bouda (D:9)
  An iguana (D:6)
  Natasha (D:4)
  4 orc wizards
  A hell rat (D:8)
  A scorpion zombie (D:4)
  A troll simulacrum (D:12)
  2 wolf simulacra
  2 hound zombies (D:4)
  3 mummies (D:4)
  4 adders
  21 gnolls
  A naga simulacrum (D:12)
  7 river rats
  An adder zombie (D:4)
  2 worms
  5 dart slugs
  21 orcs
  12 ball pythons
  5 endoplasms
  15 giant cockroaches
  7 goblins
  9 hobgoblins
  8 jackals
  12 kobolds
  9 quokkas
  6 bats
  6 frilled lizards
  14 rats
300 creatures vanquished.

Vanquished Creatures (collateral kills)
  A vault guard (Bailey)
  2 two-headed ogres
  A cyclops (D:12)
  A troll (D:7)
  A steam dragon (D:7)
  A water moccasin (D:7)
  A centaur (D:7)
  A howler monkey (D:7)
  An orc priest (D:12)
  A white imp (D:7)
  2 orcs
13 creatures vanquished.

Vanquished Creatures (others)
  A troll (D:12)
  Prince Ribbit (D:6)
  6 slime creatures
  An orc warrior (D:9)
  4 bullfrogs
  A gnoll sergeant (D:9)
  A two-headed ogre simulacrum (D:12)
  A howler monkey (D:8)
  24 jellies
  An iguana (D:4)
  Natasha (twice) (D:4)
  3 orc wizards
  A sleepcap (D:5)
  A spriggan simulacrum (D:12)
  5 gnolls (D:9)
  3 adders
  A naga simulacrum (D:12)
  2 river rats
  15 orcs
  A ball python (D:4)
  3 endoplasms
  3 giant cockroaches (D:4)
  2 goblins
  A jackal (Sewer)
  4 kobolds
  A quokka (D:8)
  3 frilled lizards (Sewer)
  5 rats
97 creatures vanquished.

Grand Total: 410 creatures vanquished

Notes
Turn   | Place    | Note
-------+----------+-------------------------------------------
     0 | D:1      | cdecastro the Troll Fighter began the quest for the Orb.
     0 | D:1      | Reached XP level 1. HP: 22/22 MP: 0/0
    43 | D:1      | Reached skill level 2 in Maces & Flails
   115 | D:1      | Reached XP level 2. HP: 29/29 MP: 1/1
   434 | D:1      | Found The Oracle's Delphic Readings.
   441 | D:1      | Reached XP level 3. HP: 35/36 MP: 2/2
   444 | D:1      | Bought a scroll of teleportation for 33 gold pieces
   959 | D:2      | Reached skill level 3 in Maces & Flails
  1564 | D:2      | Reached XP level 4. HP: 45/45 MP: 3/3
  1641 | D:2      | Found a faded altar of an unknown god.
  1648 | D:2      | Prayed at the altar of an unknown god.
  1648 | D:2      | Became a worshipper of Jiyva Jiegh the Shapeless
  1648 | D:2      | Reached * piety under Jiyva
  2057 | D:3      | Reached skill level 4 in Maces & Flails
  2157 | D:3      | Reached ** piety under Jiyva
  2333 | D:4      | Killed Natasha
  2360 | D:4      | Reached XP level 5. HP: 53/53 MP: 4/4
  2368 | D:4      | Noticed Natasha
  2379 | D:4      | Killed Natasha
  2507 | D:4      | Killed Natasha
  2513 | D:4      | Found a glowing drain.
  2522 | Sewer    | Entered a sewer
  2622 | Sewer    | Reached skill level 5 in Maces & Flails
  2622 | Sewer    | Reached XP level 6. HP: 38/62 MP: 5/5
  3366 | D:4      | Reached XP level 7. HP: 70/70 MP: 6/6
  3379 | D:4      | Found a basalt altar of Yredelemnul.
  3397 | D:4      | Reached skill level 6 in Maces & Flails
  3492 | D:4      | Reached *** piety under Jiyva
  3499 | D:4      | Found a hide-covered altar of Uskayaw.
  3506 | D:4      | Found an opulent altar of Gozag.
  3514 | D:4      | Found a shimmering altar of Xom.
  3515 | D:4      | Found a stormy altar of Qazlal.
  3521 | D:4      | Found a radiant altar of Vehumet.
  3651 | D:4      | Found an iron altar of Okawaru.
  3651 | D:4      | Found a bloodstained altar of Trog.
  3681 | D:5      | Entered Level 5 of the Dungeon
  3692 | D:5      | Gained mutation: You have a pair of small antennae on your
                  | head. [Jiyva's grace]
  3692 | D:5      | Gained mutation: You have a pair of antennae on your head.
                  | [Jiyva's grace]
  3692 | D:5      | Gained mutation: You have a pair of large antennae on your
                  | head. (SInv) [Jiyva's grace]
  3692 | D:5      | Gained mutation: Armour fits poorly on your pseudopods.
                  | [Jiyva's grace]
  3954 | D:5      | Found a snail-covered altar of Cheibriados.
  3961 | D:5      | Noticed Menkaure
  3961 | D:5      | Noticed Prince Ribbit
  3979 | D:5      | Killed Menkaure
  3980 | D:5      | Reached skill level 5 in Fighting
  3980 | D:5      | Reached skill level 7 in Maces & Flails
  4037 | D:5      | Reached **** piety under Jiyva
  4064 | D:5      | Found a broken altar of Ashenzari.
  4122 | D:5      | Reached XP level 8. HP: 75/80 MP: 7/7
  4565 | D:6      | Killed Prince Ribbit
  4594 | D:6      | Reached ***** piety under Jiyva
  4608 | D:6      | Found an ancient bone altar of Kikubaaqudgha.
  4787 | D:6      | Lost mutation: Armour fits poorly on your pseudopods.
                  | [Jiyva's grace]
  4787 | D:6      | Gained mutation: You are strong-willed. (Will+) [Jiyva's
                  | grace]
  4787 | D:6      | Gained mutation: You are highly strong-willed. (Will++)
                  | [Jiyva's grace]
  4787 | D:6      | Gained mutation: You are extremely strong-willed. (Will+++)
                  | [Jiyva's grace]
  4787 | D:6      | Gained mutation: Your rubbery body absorbs attacks. (AC +1,
                  | EV +1) [Jiyva's grace]
  5108 | D:7      | Reached skill level 8 in Maces & Flails
  5203 | D:7      | Noticed a two-headed ogre
  5213 | D:7      | Noticed a troll
  5220 | D:7      | Killed a two-headed ogre
  5221 | D:7      | Reached skill level 9 in Maces & Flails
  5221 | D:7      | Reached XP level 9. HP: 24/91 MP: 8/8
  5223 | D:7      | Killed a troll
  5305 | D:7      | Noticed an unseen horror
  5305 | D:7      | Noticed a troll
  5313 | D:7      | Killed a troll
  5351 | D:7      | Killed an unseen horror
  5352 | D:7      | Reached skill level 10 in Maces & Flails
  5370 | D:7      | Noticed a cyclops
  5380 | D:7      | Killed a cyclops
  5458 | D:7      | Found a staircase to the Ecumenical Temple.
  5465 | Temple   | Entered the Ecumenical Temple
  5465 | Temple   | Found a transporter.
  5465 | Temple   | Found a transporter.
  5467 | Temple   | Found a transporter.
  5467 | Temple   | Found a transporter.
  5501 | D:7      | Noticed a troll
  5508 | D:7      | Killed a troll
  5602 | D:7      | Noticed a two-headed ogre
  5614 | D:7      | Killed a two-headed ogre
  5615 | D:7      | Reached skill level 11 in Maces & Flails
  5615 | D:7      | Reached XP level 10. HP: 67/102 MP: 9/9
  5770 | D:7      | Found a runed translucent gate.
  5772 | D:7      | Found a runed translucent gate.
  5773 | D:7      | Found a runed translucent gate.
  5776 | D:7      | Noticed salammoniac's ghost (amateur DsEE)
  5776 | D:7      | Noticed Drain's ghost (novice OpCj)
  6100 | D:8      | Found a staircase to the Lair.
  6347 | D:8      | Found a flagged portal.
  6355 | Bailey   | Entered a bailey
  6425 | Bailey   | Lost mutation: You are extremely strong-willed. (Will+++)
                  | [Jiyva's grace]
  6425 | Bailey   | Gained mutation: You possess an exceptional clarity of
                  | mind. [Jiyva's grace]
  6425 | Bailey   | Gained mutation: Your flesh is heat resistant. (rF+)
                  | [Jiyva's grace]
  6425 | Bailey   | Gained mutation: Your flesh is very heat resistant. (rF++)
                  | [Jiyva's grace]
  6425 | Bailey   | Gained mutation: Your flesh is almost immune to the effects
                  | of heat. (rF+++) [Jiyva's grace]
  6466 | Bailey   | Reached ****** piety under Jiyva
  6470 | Bailey   | Noticed a vault guard
  6498 | Bailey   | Killed a vault guard
  6499 | Bailey   | Reached skill level 12 in Maces & Flails
  6541 | Bailey   | Noticed a vault guard
  6560 | Bailey   | Killed a vault guard
  6749 | D:8      | Noticed Erica
  6763 | D:8      | Killed Erica
  7127 | D:8      | Reached XP level 11. HP: 109/113 MP: 10/10
  7437 | D:9      | Found Qedautz's Magic Scroll Shop.
  7440 | D:9      | Bought a scroll of identify for 32 gold pieces
  7440 | D:9      | Bought a scroll of blinking for 120 gold pieces
  7440 | D:9      | Bought a scroll of enchant weapon for 120 gold pieces
  7440 | D:9      | Bought a scroll of noise for 16 gold pieces
  7500 | D:9      | Found Usofus's Book Shop.
  7582 | D:9      | Found Waxkuziem's Book Shop.
  7689 | D:9      | Found Wuaw's General Store.
  7723 | D:9      | Found a shadowy altar of Dithmenos.
  7741 | D:9      | Identified the +1 hand axe of Beogh's Approval {freeze, rN+
                  | Will+ Str+3}
  7829 | D:9      | Reached skill level 13 in Maces & Flails
  8167 | D:10     | Entered Level 10 of the Dungeon
  8555 | D:10     | Lost mutation: Your flesh is almost immune to the effects
                  | of heat. (rF+++) [Jiyva's grace]
  8555 | D:10     | Lost mutation: Your flesh is very heat resistant. (rF++)
                  | [Jiyva's grace]
  8555 | D:10     | Gained mutation: Armour fits poorly on your pseudopods.
                  | [Jiyva's grace]
  8555 | D:10     | Gained mutation: Armour fits poorly on your large
                  | pseudopods. [Jiyva's grace]
  8555 | D:10     | Gained mutation: Armour fits poorly on your massive
                  | pseudopods. [Jiyva's grace]
  8555 | D:10     | Gained mutation: You have acidic saliva. [Jiyva's grace]
  8568 | D:10     | Noticed a two-headed ogre
  8581 | D:10     | Killed a two-headed ogre
  9011 | D:10     | Found a burning altar of Makhleb.
  9142 | D:10     | Identified the +0 scale mail "Lyasis" {rElec rC+ SInv}
  9356 | D:11     | Noticed Josephine
  9371 | D:11     | Killed Josephine
  9372 | D:11     | Noticed a two-headed ogre
  9393 | D:11     | Killed a two-headed ogre
  9394 | D:11     | Reached skill level 14 in Maces & Flails
  9429 | D:11     | Found a staircase to the Orcish Mines.
  9516 | D:11     | Noticed Erolcha
  9530 | D:11     | Killed Erolcha
  9569 | D:11     | Noticed a boulder beetle
  9577 | D:11     | Killed a boulder beetle
 10017 | D:12     | Found a transporter.
 10053 | D:12     | Found a runed translucent gate.
 10053 | D:12     | Found a runed translucent gate.
 10053 | D:12     | Found a runed translucent gate.
 10053 | D:12     | Noticed bzaaaaa's ghost (novice DEEE)
 10082 | D:12     | Reached skill level 10 in Fighting
 10141 | D:12     | Noticed a two-headed ogre
 10145 | D:12     | Reached XP level 12. HP: 53/126 MP: 11/11
 10148 | D:12     | Killed a two-headed ogre
 10172 | D:12     | Found a frozen archway.
 10208 | IceCv    | Entered an ice cave
 10242 | IceCv    | Reached skill level 15 in Maces & Flails
 10419 | D:12     | Noticed a two-headed ogre
 10423 | D:12     | Killed a two-headed ogre
 10474 | D:12     | Found a transporter.
 10703 | D:13     | Lost mutation: You possess an exceptional clarity of mind.
                  | [Jiyva's grace]
 10703 | D:13     | Lost mutation: Your rubbery body absorbs attacks. (AC +1,
                  | EV +1) [Jiyva's grace]
 10703 | D:13     | Lost mutation: Armour fits poorly on your massive
                  | pseudopods. [Jiyva's grace]
 10703 | D:13     | Gained mutation: You are extremely strong-willed. (Will+++)
                  | [Jiyva's grace]
 10703 | D:13     | Gained mutation: You are covered in slimy tendrils that may
                  | disarm your opponents. [Jiyva's grace]
 10703 | D:13     | Gained mutation: You are robust. (+10% HP) [Jiyva's grace]
 10703 | D:13     | Gained mutation: You are very robust. (+20% HP) [Jiyva's
                  | grace]
 10811 | D:13     | Noticed Rupert
 10822 | D:13     | Demolished by Rupert

Illustrated notes

Levels and vault maps discovered:
D:1:      lemuel_arrival_broad_hall, layout_loops_ring,
          chequers_serial_rivers_micro_d, nicolae_nh_oracle_at_delphi
D:2:      layout_basic, dreamdust_ecumenical_altar_hidden_monk_grotto
D:3:      minmay_roachtagon, layout_loops_ring
D:4:      layout_rooms, grunt_temple_overflow_bloody_war,
          lemuel_mausoleum_altar_yredelemnul,
          nicolae_overflow_hallway_of_the_gods, gup_sewer_entry_pipe,
          uniq_natasha
D:5:      layout_gridville, cheibrodos_ashenzari_chains, cheibriados_altar_1,
          kennysheep_small_square, uniq_menkaure, uniq_prince_ribbit1
D:6:      layout_gridville, kiku_gazebo_pond_becter
D:7:      minmay_the_grid_octo_triangle [minmay_the_grid_octo_thin_diamonds,
          minmay_the_grid_octo_prize_square_snowflake,
          minmay_the_grid_octo_checkered], layout_gridville,
          minmay_temple_entry_tees, gammafunk_ghost_cemetery
D:8:      lemuel_ratsnest, layout_basic, lair_entry_dummy, enter_bailey_2,
          glass_columns_a, uniq_erica
D:9:      layout_roguey, nicolae_dithmenos_shadow_blocks, serial_shops,
          kennysheep_mini_moat, shop, nicolae_shop_peninsula, shop
D:10:     layout_rooms, lightli_temple_of_fire, serial_co_window_serial,
          co_window_paths_a, co_window_of_opportunity_a,
          co_window_of_opportunity_a, co_window_paths_a, co_window_paths_a,
          co_window_of_opportunity_a, co_window_of_opportunity_a,
          co_window_2corner, co_window_unsneaky_path_d, co_window_2corner,
          co_window_corner_b, co_window_broadway_b, co_window_broadway_c,
          co_window_paths_c, glass_columns_a, glass_columns_a, glass_columns_c,
          glass_columns_a, glass_columns_b
D:11:     layout_basic, erik_orc_3, uniq_erolcha, uniq_josephine
D:12:     gammafunk_worm_tunnel, layout_cave_pools,
          portal_ice_cave_entry_ice_simulacra, ebering_ghost_rock_garden
D:13:     layout_basic, david_vaults_1, gauntlet_entry_generic, uniq_rupert
Temple:   hellmonk_temple_divided_pantheon

Skill      XL: |  1  2  3  4  5  6  7  8  9 10 11 12 |
---------------+-------------------------------------+-----
Maces & Flails | 2 3 4 5 7 9 11 12 14 15 | 15.6
Fighting       | 3 4 5 6 7 8 10 | 10.6
Dodging        | |  2.4
Shields        | |  2.6

Action                     |  1- 3 |  4- 6 |  7- 9 | 10-12 || total
---------------------------+-------+-------+-------+-------++-------
  Melee: Flail             |    38 |       |    84 |   437 ||   559
         Unarmed           |   109 |   268 |   168 |       ||   545
         Pseudopods        |       |       |     9 |    50 ||    59
         Giant club        |       |       |       |   105 ||   105
         Bite              |       |       |       |    25 ||    25
         Giant spiked club |       |       |       |   124 ||   124
    Use: Potion            |       |       |     1 |     1 ||     2
         Scroll            |       |       |       |     9 ||     9
   Stab: Sleeping          |     2 |       |     1 |       ||     3
         Invisible         |       |       |       |     2 ||     2
 Armour: Robe              |    57 |    44 |    44 |       ||   145
         Troll leather arm |       |       |    21 |   121 ||   142
  Dodge: Dodged            |    41 |    89 |   116 |   255 ||   501
  Block: Kite shield       |    51 |    98 |   114 |   139 ||   402
